Map: Golden Wall LE

Players

Lambo - Winner!

  • Race: Zerg Zerg
  • Spawn Location: 7:00

Solar

  • Race: Zerg Zerg
  • Spawn Location: 5:00

Event: War Chest Team League

VOD

Have the link to the VOD?

Description

Time

  • Played on: Aug. 14, 2020, 9:25 a.m.
  • Length: 3:06
Show
View Real Time Build Order
Export as new Build Order

Lambo Zerg - Winner!

Build Orders: 1 Base Baneling Bust, Pool Only 

Get SALT Encoding   

  12  0:11  Extractor  
  11  0:19  Spawning Pool  
  10  0:25  Drone  
  11  0:30  Drone  
  11  0:35  Drone  
  13  0:48  Overlord  
  13  1:06  Zergling x4  
  13  1:08  Zergling x2  
  16  1:14  Metabolic Boost  
  16  1:20  Zergling x2  
  17  1:30  Zergling x2  
  18  1:36  Baneling Nest  
  17  1:41  Zergling x2  
  18  1:51  Zergling x2  
  19  2:03  Zergling x2  
  20  2:13  Zergling x2  
  21  2:22  Baneling x2  
  21  2:23  Zergling x2  
  22  2:32  Baneling  
  22  2:33  Baneling  
  22  2:44  Baneling  
Show
View Real Time Build Order
Export as new Build Order

Solar Zerg 

Build Orders: Hatch First 

Get SALT Encoding   

  12  0:01  Drone  
  13  0:11  Overlord  
  13  0:17  Drone  
  14  0:30  Drone  
  14  0:31  Drone  
  16  0:49  Hatchery  
  15  0:51  Drone  
  15  0:55  Drone  
  17  0:58  Drone  
  18  1:08  Extractor  
  17  1:14  Spawning Pool  
  17  1:18  Drone  
  17  1:21  Drone  
  18  1:28  Drone  
  19  1:38  Drone  
  20  1:50  Overlord  
  20  2:01  Queen  
  20  2:02  Zergling x4  
  24  2:13  Zergling x2  
  24  2:15  Zergling x2  
  26  2:30  Spine Crawler  
  26  2:35  Zergling x4  
  26  2:43  Zergling x2  
  26  2:44  Zergling x4  
  26  2:48  Zergling x2  
Tags
 
Add a new tag
Caveats
  • Supply blocks, unpowered buildings, or Contaminate may cause inaccurate times.
  • Supply counts are checked every 10 seconds.